 Dungeon Crawl Stone Soup version 0.29-a0-506-ga2e7fffb44 (webtiles) character file.

Game seed: 2048031647730707676

635032 Zdeegee the Conqueror (level 26, -3/173 (212) HPs)
             Began as a Minotaur Fighter on May 28, 2022.
             Was a Priest of the Shining One.
             Killed from afar by a Hell Sentinel (37 damage)
             ... with damnation
             ... on level 5 of the Abyss.
             The game lasted 03:00:59 (76893 turns).

Zdeegee the Conqueror (Minotaur Fighter)           Turns: 76893, Time: 03:00:59

HP:   -3/173 (212)  AC: 51    Str: 39      XL:     26   Next: 90%
MP:   34/34         EV: 17    Int:  2 (5)  God:    the Shining One [***...]
Gold: 2913          SH: 29    Dex: 11      Spells: 25/25 levels left

rFire   + + +      SeeInvis +   a - +6 broad axe "Ceucied" {vorpal, Str+4}
rCold   + + +      Faith    .   D - +0 tower shield {AC+3}
rNeg    + + +      Spirit   .   X - +12 gold dragon scales
rPois   +          Reflect  +   T - +2 hat "Femaon Zel" {rC+ SInv}
rElec   +          Harm     .   r - +1 cloak of Privacy {rF++ rC- Will++}
rCorr   .          Rampage  .   M - +1 pair of gloves "Gaitawn" {rPois rC++ Will- Slay+3}
Will    +++..      Clarity  +   A - +2 pair of boots
Stlth   ..........              Z - amulet of reflection
HPRegen 0.38/turn               J - ring "Fyangeam" {rElec rF+ rN+ SInv}
MPRegen 0.24/turn               U - ring "Urudaulo" {rN++ Will+ EV+4 Str+3 Slay+2 Stlth-}

@: glowing, heavily drained, unable to read
A: horns 2, retaliatory headbutt, claws 1, clarity, screaming 1, wild magic 1,
inability to read while threatened, MP-powered wands, devolution 1, [frail 2]
}: 4/15 runes: barnacled, slimy, silver, gossamer
a: Renounce Religion, Divine Shield, Cleansing Flame


You were on level 5 of the Abyss.
You worshipped the Shining One.
The Shining One was most pleased with you.
You visited 16 branches of the dungeon, and saw 64 of its levels.
You visited the Abyss 7 times.
You visited 1 bazaar.
You also visited: Sewer and Volcano.

You collected 9311 gold pieces.
You spent 6398 gold pieces at shops.

Inventory:

Hand Weapons
 a - the +6 broad axe "Ceucied" (weapon) {vorpal, Str+4}
   (Okawaru gifted it to you on level 3 of the Elven Halls)

   It inflicts extra damage upon your enemies.
   Str:       It affects your strength (+4).
 b - a +4 vorpal hand crossbow
 c - a +4 vorpal eveningstar
Missiles
 P - 9 throwing nets (quivered)
Armour
 o - the +4 moon troll leather armour {Spirit, Regen++ MP+5}
   (You found it on level 2 of the Dungeon)

   MP:        It affects your magic capacity (+5).
   Regen:     It increases your rate of health regeneration.
 r - the +1 cloak of Privacy (worn) {rF++ rC- Will++}
   (You bought it in a shop on level 4 of the Dungeon)

   rF:        It greatly protects you from fire.
   rC:        It makes you vulnerable to cold.
   Will:      It greatly increases your willpower.
 u - the +0 pair of gloves of Vexation {rN+ MP+9}
   (You acquired it on level 4 of the Lair of Beasts)

   rN:        It protects you from negative energy.
   MP:        It affects your magic capacity (+9).
 A - a +2 pair of boots (worn)
 D - a +0 tower shield of protection (worn)
 L - the +0 cloak "Nuta" {rPois Str+6}
   (Okawaru gifted it to you on level 4 of the Depths)

   Str:       It affects your strength (+6).
   rPois:     It protects you from poison.
 M - the +1 pair of gloves "Gaitawn" (worn) {rPois rC++ Will- Slay+3}
   (Okawaru gifted it to you on level 6 of the Lair of Beasts)

   Slay:      It affects your accuracy & damage with ranged weapons and melee
   (+3).
   rC:        It greatly protects you from cold.
   rPois:     It protects you from poison.
   Will:      It decreases your willpower.
 O - the +7 tower shield of Fuzzy Contentment {rPois rC- rN+}
   (Okawaru gifted it to you on level 2 of the Vaults)

   rC:        It makes you vulnerable to cold.
   rPois:     It protects you from poison.
   rN:        It protects you from negative energy.
 Q - a scarf of repulsion
 T - the +2 hat "Femaon Zel" (worn) {rC+ SInv}
   (Okawaru gifted it to you on level 1 of the Spider Nest)

   rC:        It protects you from cold.
   SInv:      It lets you see invisible.
 X - +12 gold dragon scales (worn)
Jewellery
 m - the amulet "Ehapulo" {Drain rN+++ Regen+ Int+5 Dex-5}
   (You found it on level 5 of the Pits of Slime)

   [amulet of regeneration]

   Int:       It affects your intelligence (+5).
   Dex:       It affects your dexterity (-5).
   rN:        It renders you almost immune to negative energy.
   Regen:     It increases your rate of health regeneration.
   Drain:     It drains your maximum health when unequipped.
 p - the ring "Put-Me-On" {rC+ rCorr Str+5}
   (You bought it in a shop on level 1 of the Vaults)

   [ring of resist corrosion]

   Str:       It affects your strength (+5).
   rC:        It protects you from cold.
   rCorr:     It protects you from acid and corrosion.
 q - a ring of protection from fire
 E - the amulet "Teiseom" {Faith +Inv Int+6}
   (You found it on level 5 of the Vaults)

   [amulet of faith]

   It allows you to gain divine favour quickly.
   Int:       It affects your intelligence (+6).
   +Inv:      It lets you turn invisible.
 G - a ring of positive energy
 H - the amulet "Fewnion" {Acrobat rPois rF+ rC+}
   (You found it on level 4 of the Shoals)

   [amulet of the acrobat]

   It increases your evasion while moving and waiting.
   rF:        It protects you from fire.
   rC:        It protects you from cold.
   rPois:     It protects you from poison.
 J - the ring "Fyangeam" (left hand) {rElec rF+ rN+ SInv}
   (You bought it in a shop on level 2 of the Orcish Mines)

   [ring of see invisible]

   rF:        It protects you from fire.
   rElec:     It insulates you from electricity.
   rN:        It protects you from negative energy.
   SInv:      It lets you see invisible.
 U - the ring "Urudaulo" (right hand) {rN++ Will+ EV+4 Str+3 Slay+2 Stlth-}
   (You found it on level 5 of the Vaults)

   [ring of evasion]

   EV:        It affects your evasion (+4).
   Str:       It affects your strength (+3).
   Slay:      It affects your accuracy & damage with ranged weapons and melee
   (+2).
   rN:        It greatly protects you from negative energy.
   Will:      It increases your willpower.
   Stlth:     It makes you less stealthy.
 Y - the ring of Yshis {Ice Fly rElec Slay+2}
   (You took it off Josephina on level 2 of the Depths)

   [ring of ice]

   It enhances your ice magic.
   Slay:      It affects your accuracy & damage with ranged weapons and melee
   (+2).
   rF:        It makes you vulnerable to fire.
   rC:        It protects you from cold.
   rElec:     It insulates you from electricity.
   Fly:       It grants you flight.
 Z - an amulet of reflection (around neck)
Wands
 w - a wand of iceblast (35)
 y - a wand of acid (15)
 F - a wand of digging (7)
 N - a wand of charming (14)
Scrolls
 i - 9 scrolls of poison
 k - 11 scrolls of teleportation
 n - 12 scrolls of magic mapping
 t - 7 scrolls of fear
 x - 9 scrolls of fog
 K - 2 scrolls of silence
 S - 8 scrolls of blinking
Potions
 d - 8 potions of might
 e - 5 potions of ambrosia
 h - 32 potions of curing
 j - 12 potions of lignification
 l - 7 potions of magic
 s - 16 potions of haste
 v - 8 potions of flight
 z - 6 potions of invisibility
 B - 4 potions of heal wounds
 C - 3 potions of resistance
 I - 3 potions of berserk rage
 V - 7 potions of cancellation
 W - 12 potions of brilliance
Miscellaneous
 f - a lightning rod (4/4)
 g - a condenser vane


   Skills:
 O Level 27 Fighting
 + Level 24.9 Axes
 + Level 2.1(16.7) Maces & Flails
 * Level 12.4 Crossbows
 * Level 23.2 Armour
 * Level 12.8 Dodging
 + Level 5.7 Stealth
 O Level 27 Shields
 + Level 0.2 Unarmed Combat
 + Level 16.5 Invocations
 * Level 14.2 Evocations


You had 25 spell levels left.
You didn't know any spells.
Your spell library contained the following spells:

 Spells                   Type           Power      Damage    Failure   Level
 Apportation              Tloc           0%         N/A       98%         1
 Beastly Appendage        Tmut           0%         N/A       98%         1
 Foxfire                  Conj/Fire      0%         2x1d4     98%         1
 Magic Dart               Conj           0%         1d3       98%         1
 Necrotize                Necr           0%         1d4       98%         1
 Sandblast                Erth           0%         2d4       98%         1
 Sting                    Tmut/Pois      0%         1d3       98%         1
 Summon Small Mammal      Summ           0%         N/A       98%         1
 Blink                    Tloc           0%         N/A       99%         2
 Call Imp                 Summ           0%         N/A       99%         2
 Passwall                 Tmut/Erth      0%         N/A       99%         2
 Poisonous Vapours        Pois/Air       0%         N/A       99%         2
 Scorch                   Fire           0%         2d5       99%         2
 Searing Ray              Conj           0%         2d4       99%         2
 Static Discharge         Conj/Air       0%         N/A       99%         2
 Wereblood                Tmut           0%         N/A       99%         2
 Call Canine Familiar     Summ           0%         N/A       100%        3
 Conjure Flame            Conj/Fire      0%         6-21      100%        3
 Dazzling Flash           Conj/Hex       0%         N/A       100%        3
 Gell's Gravitas          Tloc           0%         N/A       100%        3
 Ignite Poison            Fire/Tmut/Pois 0%         N/A       100%        3
 Inner Flame              Hex/Fire       0%         N/A       100%        3
 Mephitic Cloud           Conj/Pois/Air  0%         N/A       100%        3
 Ozocubu's Armour         Ice            0%         N/A       100%        3
 Portal Projectile        Hex/Tloc       0%         N/A       100%        3
 Spider Form              Tmut/Pois      0%         N/A       100%        3
 Stone Arrow              Conj/Erth      0%         3d7       100%        3
 Teleport Other           Tloc           0%         N/A       100%        3
 Tukima's Dance           Hex            0%         N/A       100%        3
 Vampiric Draining        Necr           0%         2d6       100%        3
 Anguish                  Hex/Necr       0%         N/A       100%        4
 Animate Armour           Summ/Erth      0%         N/A       100%        4
 Animate Dead             Necr           0%         N/A       100%        4
 Cause Fear               Hex            0%         N/A       100%        4
 Dispel Undead            Necr           0%         3d6       100%        4
 Flame Wave               Conj/Fire      0%         2d4       100%        4
 Fulminant Prism          Conj/Hex       0%         3d6       100%        4
 Iskenderun's Mystic Bla  Conj/Tloc      0%         2d3       100%        4
 Leda's Liquefaction      Hex/Erth       0%         N/A       100%        4
 Olgreb's Toxic Radiance  Pois           0%         N/A       100%        4
 Passage of Golubria      Tloc           0%         N/A       100%        4
 Sticky Flame             Conj/Fire      0%         2d3       100%        4
 Summon Ice Beast         Ice/Summ       0%         N/A       100%        4
 Summon Lightning Spire   Summ/Air       0%         N/A       100%        4
 Agony                    Necr           0%         N/A       100%        5
 Alistair's Intoxication  Tmut/Pois      0%         N/A       100%        5
 Blade Hands              Tmut           0%         N/A       100%        5
 Borgnjor's Vile Clutch   Necr/Erth      0%         N/A       100%        5
 Fireball                 Conj/Fire      0%         3d3       100%        5
 Freezing Cloud           Conj/Ice/Air   0%         6-21      100%        5
 Iskenderun's Battlesphe  Conj           0%         2d6       100%        5
 Lightning Bolt           Conj/Air       0%         1d11      100%        5
 Manifold Assault         Tloc           0%         N/A       100%        5
 Metabolic Englaciation   Hex/Ice        0%         N/A       100%        5
 Silence                  Hex/Air        0%         N/A       100%        5
 Summon Mana Viper        Hex/Summ       0%         N/A       100%        5
 Yara's Violent Unravell  Hex/Tmut       0%         3d3       100%        5
 Conjure Ball Lightning   Conj/Air       0%         3x3d6     100%        6
 Death Channel            Necr           0%         N/A       100%        6
 Dispersal                Tloc           0%         N/A       100%        6
 Eringya's Noxious Bog    Tmut/Pois      0%         N/A       100%        6
 Iron Shot                Conj/Erth      0%         9d1       100%        6
 Simulacrum               Ice/Necr       0%         N/A       100%        6
 Starburst                Conj/Fire      0%         6d3       100%        6
 Summon Cactus Giant      Summ           0%         N/A       100%        6
 Dragon Form              Tmut           0%         N/A       100%        7
 Enfeeble                 Hex            0%         N/A       100%        7
 Monstrous Menagerie      Summ           0%         N/A       100%        7
 Orb of Destruction       Conj           0%         9d5       100%        7
 Ozocubu's Refrigeration  Ice            0%         4d5       100%        7
 Storm Form               Tmut/Air       0%         N/A       100%        7
 Discord                  Hex            0%         N/A       100%        8
 Disjunction              Tloc           0%         N/A       100%        8
 Infestation              Necr           0%         N/A       100%        8
 Lehudib's Crystal Spear  Conj/Erth      0%         10d2      100%        8
 Maxwell's Capacitive Co  Air            0%         ∞         100%        8
 Necromutation            Tmut/Necr      0%         N/A       100%        8
 Dragon's Call            Summ           0%         N/A       100%        9
 Polar Vortex             Ice            0%         N/A       100%        9


Dungeon Overview and Level Annotations

Branches:
Dungeon (15/15)            Temple (1/1) D:5            Lair (6/6) D:9
 Shoals (4/4) Lair:2       Spider (4/4) Lair:2        Slime (5/5) Lair:5
    Orc (2/2) D:11            Elf (3/3) Orc:2        Vaults (5/5) D:13
  Crypt (3/3) Vaults:2       Tomb (0/3) Crypt:3      Depths (4/4) D:15
   Hell (visited)             Dis (1/7) Hell            Geh (0/7) Hell
    Coc (6/7) Hell            Tar (2/7) Hell            Zot (2/5) Depths:4
  Sewer (visited)         Volcano (visited)

Altars:
Ashenzari
Cheibriados
Elyvilon
Fedhas
Gozag
Kikubaaqudgha
Nemelex Xobeh
Okawaru
Ru
Sif Muna
Trog
Vehumet
Wu Jian
Xom
Yredelemnul
Zin
The Shining One
Jiyva

Shops:
D:1 !   D:4 *   Orc:2 [=[[   Elf:1 (   Shoals:2 !   Vaults:1 =   Vaults:3 *
Depths:1 !   Depths:2 =   Depths:3 *

Portals:
Hell: Depths:1 Depths:2 Depths:3 Depths:4
Abyss: Depths:3
Pandemonium: Depths:1 Depths:2 Depths:4
Ziggurat: Depths:4

Annotations:
D:7 4 runed translucent doors
D:13 exclusion: orange crystal statue
Depths:1 1 runed translucent door


Innate Abilities, Weirdness & Mutations

You have a pair of horns on your head.
You reflexively headbutt those who attack you in melee.
You have sharp fingernails.
You possess an exceptional clarity of mind.
You occasionally shout uncontrollably at your foes.
Your spells are a little harder to cast, but a little more powerful.
You sometimes lose the ability to read scrolls when taking damage.
You expend magic power (3 MP) to strengthen your wands.
You have hidden genetic defects.
[You are very frail. (-20% HP)]


Message History

You hit the Hell Sentinel but do no damage.
The Hell Sentinel is lightly wounded.
Unknown command.
You slash the Hell Sentinel!
You headbutt the Hell Sentinel, but do no damage.
The Hell Sentinel is moderately wounded.
You block the Hell Sentinel's attack. x2
A will-o-the-wisp comes into view.
Unknown command.
Unknown command.
You hit the Hell Sentinel but do no damage.
The Hell Sentinel is moderately wounded.
A cacodemon comes into view.
The Hell Sentinel gestures at you.
The sphere of damnation explodes!
The damnation engulfs you!!!
You feel threatened and lose the ability to read scrolls!
The damnation engulfs the Hell Sentinel.
The Hell Sentinel completely resists.
The cacodemon shouts!
You hear a bark!
You are too injured to fight recklessly!
Unknown command.
You are too injured to fight recklessly!
Unknown command.
You are too injured to fight recklessly!
Unknown command.
You are too injured to fight recklessly!
Unknown command.
You are too injured to fight recklessly!
You are too injured to fight recklessly!
The Hell Sentinel attacks as you move away!
The Hell Sentinel hits you but does no damage.
The Hell Sentinel closely misses you. The Hell Sentinel gestures at you.
The sphere of damnation explodes!
The damnation engulfs you!!
* * * LOW HITPOINT WARNING * * *
The damnation engulfs the small abomination!!!
The small abomination is destroyed!
The Hell Sentinel gestures at you.
The sphere of damnation explodes!
The damnation engulfs you!!!
You die...

.... . #. #...###
## .......#
##.....# # .
..2....##........ v
.......
.....#...#..# .
....... #..##....#
.
.......##..##..###.
.......#v......#
........###...##
......1@...#.#.#
..............## #
.........#####.#
.......... ## .
###.##..#.. ##
##.##.# ..# #. #.#.
##


You could see a Hell Sentinel, a cacodemon and a will-o-the-wisp.

Vanquished Creatures
  the Royal Jelly (Slime:5)
  2 dread liches
  Mara (Elf:3)
  An orb of fire (Zot:1)
  2 ancient liches
  Mennas (Crypt:1)
  2 juggernauts (Depths:2)
  Sojobo (Depths:4)
  Josephina (Depths:2)
  8 shard shrikes
  4 Killer Klowns (Zot:2)
  Bai Suzhen (Depths:2)
  Saint Roka (Vaults:2)
  The ghost of Kunuk the Peltast, a veteran MiFi of Okawaru (Depths:4)
  Geryon (Hell)
  4 golden dragons
  3 profane servitors
  11 bone dragons
  A Tzitzimitl (Hell)
  A doom hound (Tar:2)
  9 tentacled monstrosities
  The ghost of Bediveer the Warrior, an adept HOMo of the Shining One (Shoals:4)
  A hellephant (Abyss:4)
  2 tainted leviathans
  7 titans
  10 liches
  A kraken (Shoals:1)
  5 deep elf master archers
  18 acid blobs
  5 deep elf blademasters
  3 quicksilver dragons
  An Executioner (Abyss:2)
  6 sphinxes
  3 death cobs
  14 tentacled starspawn
  4 storm dragons
  Kirke (Shoals:3)
  13 ancient champions
  10 shadow dragons
  5 tengu reavers
  4 revenants
  2 daevas
  3 draconian monks
  9 azure jellies
  11 fire giants
  14 frost giants
  6 narguns
  10 rockslimes
  A quicksilver elemental (Dis:1)
  2 draconian knights
  8 ghost moths
  12 deep elf sorcerers
  6 iron dragons
  An orc warlord (Vaults:4)
  17 vault wardens
  7 deep elf elementalists
  2 caustic shrike zombies
  A juggernaut zombie (Crypt:3)
  A cacodemon (Abyss:2)
  Aizul (Spider:3)
  7 emperor scorpions
  Louise (Elf:2)
  A shard shrike simulacrum (Coc:5)
  3 draconian shifters
  14 ghouls
  2 balrugs
  4 curse skulls
  A draconian stormcaller (Zot:1)
  5 angels
  28 very ugly things
  21 ironbound preservers
  A spriggan defender (Depths:2)
  13 war gargoyles
  A draconian annihilator (Abyss:5)
  7 quicksilver oozes
  21 stone giants
  5 ironbound thunderhulks
  7 vampire knights
  A broodmother (Spider:3)
  9 deep elf annihilators
  3 reapers (Hell)
  7 green draconians
  6 black draconians
  A putrid mouth (Tar:2)
  Nessos (Orc:2)
  7 elemental wellsprings
  14 dire elephants
  8 deep elf demonologists
  8 entropy weavers
  2 lorocyprocas
  5 purple draconians
  3 yellow draconians
  5 white draconians
  A spark wasp (Spider:2)
  7 red draconians
  6 wendigos
  8 eidola
  5 crystal guardians
  6 merfolk javelineers (Shoals:4)
  A mummy priest (Crypt:3)
  7 fire dragons
  10 deep elf death magi
  10 ettins
  4 jiangshi
  A quicksilver dragon zombie (Depths:2)
  8 merfolk impalers
  5 hydras
  10 deep elf high priests
  10 great orbs of eyes
  13 yaktaur captains
  35 vault guards
  7 radroaches
  3 ice dragons
  8 boulder beetles
  5 spriggan air magi
  7 caustic shrike simulacra
  18 centaur warriors
  2 alligator snapping turtles (Shoals:4)
  3 rakshasas
  An Orb Guardian zombie (Crypt:2)
  Erolcha (Orc:1)
  A hydra (shapeshifter) (D:9)
  5 death knights
  3 juggernaut simulacra
  8 peacekeepers
  3 satyrs
  6 ironbound frosthearts
  5 ogre magi
  A spriggan skeleton (Depths:1)
  4 merfolk aquamancers
  4 jorogumos
  37 dancing weapons
  A naga warrior (Abyss:2)
  5 deep troll shamans
  19 two-headed ogres
  A death scarab (Spider:2)
  11 hell hogs
  2 vampire magi
  7 deep troll earth magi
  6 tengu warriors
  12 thrashing horrors
  2 titan zombies (Crypt:3)
  A spectral naga (Tar:2)
  Urug (Lair:4)
  20 sun demons
  A crystal echidna (Dis:1)
  5 spriggan berserkers
  9 soul eaters
  12 hell knights
  Sonja (D:13)
  22 deep elf knights
  Amaemon (Lair:1)
  7 wretched stars
  2 spectral dire elephants
  Nergalle (Lair:4)
  6 iron trolls
  7 pharaoh ants
  26 skeletal warriors
  3 sixfirhies (Abyss:2)
  6 shadow wraiths
  A death drake (Abyss:5)
  2 sun moths
  6 quicksilver dragon simulacra
  A shadow demon (Depths:1)
  40 large abominations
  8 sea snakes
  A spectral anaconda (Tar:1)
  A tentacle skeleton (Crypt:1)
  An orange crystal statue (Elf:2)
  5 spatial maelstroms
  11 lindwurms
  A golden dragon zombie (Crypt:2)
  8 wizards
  6 flayed ghosts
  A kraken simulacrum (Hell)
  A bunyip zombie (Crypt:3)
  44 deep trolls
  11 orb spiders
  3 cherubim (Depths:3)
  5 glowing orange brains
  8 steelbarb worms
  16 deep elf archers
  A spectral hydra (Tar:1)
  3 anaconda zombies (Hell)
  4 bog bodies
  24 harpies
  17 ironbound convokers
  30 phantasmal warriors
  2 spriggan simulacra
  8 orc knights
  A broodmother zombie (Crypt:2)
  8 necromancers
  33 deep elf zephyrmancers
  24 deep elf pyromancers
  2 mana vipers
  28 wolf spiders
  11 shining eyes
  A shadow dragon skeleton (Depths:2)
  2 salamanders
  45 ugly things
  5 orc sorcerers
  10 cyclopes
  A goliath frog skeleton (Crypt:1)
  2 fire giant zombies
  83 slime creatures
  18 fauns
  6 manticores
  A cyclops (shapeshifter) (Vaults:5)
  7 moths of wrath
  9 worldbinders
  A guardian serpent (Abyss:2)
  5 eyes of devastation
  4 elephants (Lair:6)
  An elf zombie (Vaults:4)
  A stone giant skeleton (Hell)
  3 black mambas
  2 naga zombies (Hell)
  11 merfolk sirens
  2 titan simulacra (Coc:3)
  2 apocalypse crabs
  A fire giant skeleton (Depths:1)
  10 water nymphs
  10 rust devils
  3 naga magi
  A gargoyle (D:12)
  A storm dragon simulacrum (Depths:2)
  An elephant slug zombie (Crypt:1)
  4 orange demons
  3 centaur zombies
  An elephant (shapeshifter) (Abyss:2)
  11 smoke demons
  9 cane toads
  19 vault sentinels
  A pale draconian zombie (Crypt:1)
  A torpor snail (shapeshifter) (Depths:2)
  2 centaur skeletons
  An eye of devastation (shapeshifter) (Abyss:1)
  A dire elephant skeleton (Abyss:5)
  4 torpor snails
  7 hellions
  An unseen horror (shapeshifter) (Vaults:5)
  Maggie (Lair:2)
  6 demonic crawlers
  2 rime drakes
  A komodo dragon (shapeshifter) (D:14)
  2 kobold demonologists
  38 yaktaurs
  5 komodo dragons
  An alligator snapping turtle zombie (Crypt:3)
  9 freezing wraiths
  3 bunyip simulacra
  3 efreet
  A spark wasp simulacrum (Depths:2)
  6 tormentors
  3 harpy zombies
  4 tengu conjurers
  A queen bee (Lair:5)
  A red devil (Hell)
  8 ice devils (Hell)
  14 ancient zymes
  2 guardian mummies (Crypt:3)
  4 hydra zombies
  An iron giant simulacrum (Coc:2)
  2 anaconda simulacra
  6 meliai
  5 trolls
  A tengu simulacrum (Depths:2)
  26 merfolk
  6 polar bears
  A shadow dragon simulacrum (Coc:1)
  11 hornets
  5 wind drakes
  A hydra skeleton (Hell)
  A fire giant simulacrum (Vaults:4)
  10 raiju
  33 tarantellas
  19 blink frogs
  An iron dragon simulacrum (Depths:2)
  A frost giant simulacrum (Depths:1)
  2 ettin zombies (Crypt:3)
  5 snapping turtles
  A fire dragon skeleton (Crypt:2)
  38 starcursed masses
  34 jumping spiders
  9 flying skulls
  22 dream sheep
  2 centaur simulacra (D:15)
  An ice dragon skeleton (Crypt:2)
  5 wyverns
  A stone giant simulacrum (Coc:1)
  19 spriggans
  4 shadows
  30 culicivoras
  5 vampires
  42 yaks
  13 water elementals
  3 basilisks
  10 ynoxinuls
  4 air elementals
  Eustachio (D:4)
  3 hogs (Shoals:3)
  20 wraiths
  A tyrant leech zombie (Crypt:1)
  Grum (D:8)
  A human (shapeshifter) (D:14)
  4 dire elephant simulacra
  2 steam dragons (Volcano)
  2 fire elementals
  A human (Shoals:3)
  4 fire bats (Depths:1)
  5 golden eyes (Slime:5)
  4 chaos spawn
  14 neqoxecs
  An alligator snapping turtle simulacrum (Coc:1)
  64 redbacks
  2 nagas (Abyss:2)
  A sea snake simulacrum (Hell)
  16 vampire mosquitoes
  13 harpy simulacra
  4 acid dragons
  4 spatial vortices
  4 wargs (D:11)
  A hydra simulacrum (Coc:2)
  Pargi (Sewer)
  3 floating eyes
  11 hell hounds
  17 water moccasins
  A swamp dragon zombie (Crypt:3)
  An ice dragon simulacrum (Coc:2)
  5 black bears
  23 orc warriors
  5 sky beasts
  4 ettin simulacra
  2 ice beasts (D:6)
  24 wolves
  11 centaurs
  7 boggarts
  32 ogres
  2 phantoms
  20 bullfrogs
  A shining eye skeleton (Crypt:1)
  3 kobold brigands
  A fire crab zombie (Crypt:2)
  6 earth elementals
  2 naga simulacra
  19 necrophages
  8 wyvern skeletons (Crypt:3)
  3 gnoll sergeants
  19 wights
  18 small abominations
  A hornet simulacrum (D:15)
  26 killer bees
  2 spriggan zombies
  A floating eye simulacrum (Depths:2)
  2 human simulacra (Vaults:4)
  2 electric eels (Spider:4)
  10 howler monkeys
  A quasit (Abyss:4)
  7 jellies
  2 iron imps
  3 hounds
  17 orc priests
  3 iguanas
  18 orc wizards
  15 hell rats (Hell)
  A mummy (Crypt:3)
  2 howler monkey zombies
  20 gnolls
  8 adders
  2 river rats (D:3)
  2 shadow imps (D:6)
  7 white imps
  6 ufetubi
  An adder skeleton (Crypt:2)
  An iguana skeleton (Crypt:2)
  A worm (D:5)
  A dart slug (D:4)
  70 orcs
  8 ball pythons
  A bat skeleton (Crypt:1)
  3 endoplasms
  9 giant cockroaches
  2 goblins (D:1)
  6 hobgoblins
  2 jackals (D:4)
  3 quokkas
  9 bats
  4 frilled lizards
  A jackal zombie (Crypt:2)
  8 kobolds
  11 rats
  2 fire vortices (Hell)
  2 lurking horrors
  17 starspawn tentacles
  5 tentacles
  2 withered plants (Crypt:3)
2918 creatures vanquished.

Vanquished Creatures (others)
  An Ice Fiend (Coc:5)
  A deep elf sorcerer (Elf:3)
  A caustic shrike simulacrum (Coc:4)
  A deep elf knight (Spider:3)
  A sixfirhy (Abyss:5)
  A deep elf zephyrmancer (Elf:1)
  An ugly thing (D:12)
  A tengu conjurer (Depths:3)
  2 iron giant simulacra (Coc:4)
  A stone giant simulacrum (Coc:5)
  A jumping spider (Spider:4)
  2 dire elephant simulacra
  2 harpy simulacra
  A merfolk simulacrum (Coc:1)
  A glowing shapeshifter simulacrum (Depths:2)
  A small abomination (Abyss:5)
  An orc (Vaults:5)
  A butterfly (Zot:2)
  8 fungi
  2 lurking horrors
  3 pillars of salt (Zot:2)
  74 plants
  20 starspawn tentacles
  16 tentacles
  18 withered plants (Crypt:3)
162 creatures vanquished.

Grand Total: 3080 creatures vanquished

Notes
Turn   | Place    | Note
-------+----------+-------------------------------------------
     0 | D:1      | Zdeegee the Minotaur Fighter began the quest for the Orb.
     0 | D:1      | Reached XP level 1. HP: 19/19 MP: 0/0
    19 | D:1      | Found Fairowo's Distillery.
   329 | D:1      | Reached XP level 2. HP: 27/27 MP: 1/1
   376 | D:1      | Found a faded altar of an unknown god.
   871 | D:2      | Found the +4 moon troll leather armour {Spirit, Regen++
                  | MP+5}
  1038 | D:2      | Reached XP level 3. HP: 33/33 MP: 2/2
  1215 | D:2      | Noticed an ogre
  1221 | D:2      | Killed an ogre
  1222 | D:2      | Reached XP level 4. HP: 15/41 MP: 2/3
  1412 | D:2      | Reached skill level 1 in Invocations
  1644 | D:3      | Noticed a kobold brigand
  1649 | D:3      | Killed a kobold brigand
  1650 | D:3      | Reached skill level 1 in Evocations
  1650 | D:3      | Reached XP level 5. HP: 47/47 MP: 4/4
  1816 | D:3      | Reached skill level 1 in Dodging
  1836 | D:3      | Found a glowing drain.
  1840 | Sewer    | Entered a sewer
  1963 | Sewer    | Noticed Pargi
  1977 | Sewer    | Killed Pargi
  1978 | Sewer    | Reached XP level 6. HP: 55/55 MP: 6/6
  2285 | D:3      | Reached skill level 5 in Fighting
  2437 | D:4      | Reached skill level 5 in Shields
  2448 | D:4      | Noticed Eustachio
  2456 | D:4      | Killed Eustachio
  2457 | D:4      | Reached skill level 5 in Armour
  2457 | D:4      | Reached XP level 7. HP: 45/61 MP: 6/7
  2580 | D:4      | Reached skill level 5 in Axes
  2586 | D:4      | Found Gozag's Platinum Reserve.
  2586 | D:4      | Found an opulent altar of Gozag.
  2797 | D:4      | Identified the +2 cloak of Action {Int+2}
  2914 | D:4      | Identified the +6 whip "Giantslayer" {vorpal, *Rage rElec
                  | rF+++ Str-4}
  3200 | D:5      | Entered Level 5 of the Dungeon
  3227 | D:5      | Found a broken altar of Ashenzari.
  3379 | D:5      | Found a staircase to the Ecumenical Temple.
  3395 | Temple   | Entered the Ecumenical Temple
  3414 | Temple   | Became a worshipper of Warmaster Okawaru
  3702 | D:5      | Found a glowing silver altar of Zin.
  3728 | D:5      | Reached XP level 8. HP: 70/70 MP: 9/9
  4278 | D:6      | Reached * piety under Okawaru
  4305 | D:6      | Reached skill level 1 in Stealth
  4808 | D:7      | Found a huge runed translucent gate.
  4808 | D:7      | Found a huge runed translucent gate.
  4808 | D:7      | Found a huge runed translucent gate.
  4808 | D:7      | Noticed a polar bear
  4808 | D:7      | Noticed a polar bear
  4808 | D:7      | Noticed a dream sheep
  4809 | D:7      | Found a huge runed translucent gate.
  4809 | D:7      | Noticed a death yak
  4809 | D:7      | Noticed a polar bear
  4809 | D:7      | Noticed a polar bear
  4809 | D:7      | Noticed a manticore
  4837 | D:7      | Reached ** piety under Okawaru
  5131 | D:7      | Reached XP level 9. HP: 78/78 MP: 10/10
  6095 | D:8      | Reached *** piety under Okawaru
  6104 | D:8      | Noticed Grum
  6116 | D:8      | Killed Grum
  6245 | D:8      | Noticed a two-headed ogre
  6253 | D:8      | Killed a two-headed ogre
  6253 | D:8      | Reached **** piety under Okawaru
  6254 | D:8      | Reached XP level 10. HP: 47/88 MP: 6/12
  6377 | D:8      | Received a gift from Okawaru
  6803 | D:9      | Reached skill level 5 in Evocations
  6887 | D:9      | Reached ***** piety under Okawaru
  7149 | D:9      | Reached skill level 5 in Dodging
  7149 | D:9      | Reached skill level 5 in Invocations
  7197 | D:9      | Found a staircase to the Lair.
  7301 | D:9      | Noticed a two-headed ogre
  7320 | D:9      | Killed a two-headed ogre
  7320 | D:9      | Received a gift from Okawaru
  7354 | D:9      | Reached skill level 10 in Axes
  7438 | D:9      | Noticed a two-headed ogre
  7443 | D:9      | Killed a two-headed ogre
  7443 | D:9      | Received a gift from Okawaru
  7444 | D:9      | Reached XP level 11. HP: 94/97 MP: 14/14
  7580 | D:9      | Noticed a two-headed ogre
  7594 | D:9      | Killed a two-headed ogre
  7643 | D:9      | Noticed a centaur warrior
  7648 | D:9      | Noticed a centaur warrior
  7651 | D:9      | Noticed a centaur warrior
  7658 | D:9      | Noticed a two-headed ogre
  7663 | D:9      | Killed a centaur warrior
  7677 | D:9      | Killed a two-headed ogre
  7679 | D:9      | Killed a centaur warrior
  7679 | D:9      | Identified the +4 ring mail of Cotal {rN++ Will+ rCorr
                  | Str-5} (Okawaru gifted it to you on level 9 of the Dungeon)
  7679 | D:9      | Received a gift from Okawaru
  7681 | D:9      | Killed a centaur warrior
  7775 | D:9      | Noticed a swamp dragon
  7783 | D:9      | Reached skill level 10 in Fighting
  8307 | D:9      | Noticed a four-headed hydra
  8313 | D:9      | Killed a four-headed hydra
  8504 | D:10     | Entered Level 10 of the Dungeon
  8681 | D:10     | Reached XP level 12. HP: 95/106 MP: 15/15
  9317 | D:10     | Found a glowing golden altar of the Shining One.
  9589 | D:11     | Reached skill level 10 in Shields
  9622 | D:11     | Noticed a six-headed hydra
  9633 | D:11     | Killed a six-headed hydra
  9678 | D:11     | Noticed a boulder beetle
  9695 | D:11     | Killed a boulder beetle
  9695 | D:11     | Reached ****** piety under Okawaru
  9695 | D:11     | Identified the +3 arbalest "Toore" {speed, rPois rN+ Will+
                  | Str+7 Dex-4} (Okawaru gifted it to you on level 11 of the
                  | Dungeon)
  9695 | D:11     | Received a gift from Okawaru
  9772 | D:11     | Found a staircase to the Orcish Mines.
  9875 | D:11     | Noticed an eight-headed hydra
  9883 | D:11     | Killed an eight-headed hydra
 10326 | D:11     | Reached skill level 10 in Armour
 10392 | D:12     | Noticed a two-headed ogre
 10398 | D:12     | Killed a two-headed ogre
 10412 | D:12     | Noticed a two-headed ogre
 10419 | D:12     | Killed a two-headed ogre
 10420 | D:12     | Reached skill level 1 in Maces & Flails
 10675 | D:12     | Noticed a two-headed ogre
 10682 | D:12     | Killed a two-headed ogre
 11315 | Lair:1   | Entered Level 1 of the Lair of Beasts
 11590 | Lair:1   | Noticed Amaemon
 11611 | Lair:1   | Killed Amaemon
 11611 | Lair:1   | Received a gift from Okawaru
 11612 | Lair:1   | Reached XP level 13. HP: 58/116 MP: 11/17
 11811 | Lair:1   | Found a radiant altar of Vehumet.
 12486 | Lair:2   | Found a hole to the Spider Nest.
 12690 | Lair:2   | Noticed Maggie
 12701 | Lair:2   | Killed Maggie
 12732 | Lair:2   | Found a dark tunnel.
 12741 | Volcano  | Entered a volcano
 12930 | Volcano  | Noticed a fire dragon
 12957 | Volcano  | Killed a fire dragon
 13318 | Lair:2   | Identified the +12 long sword of the Mushroom {elec, *Noise
                  | rPois rF+}
 13538 | Lair:2   | Found a staircase to the Shoals.
 14178 | Lair:3   | Identified 2 scrolls of acquirement
 14180 | Lair:3   | Acquired a manual of Invocations
 14494 | Lair:4   | Noticed Nergalle
 14511 | Lair:4   | Killed Nergalle
 14710 | Lair:4   | Noticed Urug
 14723 | Lair:4   | Killed Urug
 14723 | Lair:4   | Received a gift from Okawaru
 14734 | Lair:4   | Acquired the +0 pair of gloves of Vexation {rN+ MP+9}
 15105 | Lair:4   | Reached XP level 14. HP: 127/127 MP: 19/19
 15782 | Lair:5   | Found a staircase to the Slime Pits.
 16597 | Lair:6   | Entered Level 6 of the Lair of Beasts
 16733 | Lair:6   | Identified the +1 pair of gloves "Gaitawn" {rPois rC++
                  | Will- Slay+3} (Okawaru gifted it to you on level 6 of the
                  | Lair of Beasts)
 16733 | Lair:6   | Received a gift from Okawaru
 17455 | Lair:6   | Identified the +1 robe of the Shining Light {Will+}
 17708 | Lair:6   | Identified the +1 trident of Ash {speed, *Corrode rElec
                  | Int+6 Dex-2}
 17874 | Orc:1    | Entered Level 1 of the Orcish Mines
 18241 | Orc:2    | Entered Level 2 of the Orcish Mines
 18272 | Orc:2    | Noticed Nessos
 18716 | Orc:1    | Reached skill level 15 in Axes
 18948 | Orc:2    | Killed Nessos
 18948 | Orc:2    | Received a gift from Okawaru
 19132 | Orc:2    | Reached XP level 15. HP: 101/138 MP: 18/21
 19221 | Orc:2    | Found Upick's Armour Shop.
 19221 | Orc:2    | Found Poiziwe's Antique Armour Emporium.
 19222 | Orc:2    | Found Keicsis's Armour Shoppe.
 19222 | Orc:2    | Found Nuohi's Jewellery Shop.
 19238 | Orc:2    | Reached skill level 10 in Invocations
 19311 | Orc:2    | Bought the ring "Fyangeam" {rElec rF+ rN+ SInv} for 643
                  | gold pieces
 19361 | Orc:2    | Found a staircase to the Elven Halls.
 19371 | Orc:1    | Noticed Erolcha
 19384 | Orc:1    | Killed Erolcha
 20565 | D:13     | Noticed Sonja
 20572 | D:13     | Killed Sonja
 20578 | D:13     | Found a gate to the Vaults.
 20731 | D:13     | You fall into a shaft and drop 2 floors!
 20731 | D:15     | Entered Level 15 of the Dungeon
 20768 | D:15     | Found a sacrificial altar of Ru.
 21286 | D:13     | Received a gift from Okawaru
 21846 | D:14     | Found a viscous altar of Jiyva.
 22583 | D:15     | Found a staircase to the Depths.
 23057 | D:15     | Found a blossoming altar of Fedhas.
 23078 | D:15     | Identified the +1 chain mail "Gofexzun" {*Slow rF- Regen+
                  | Str+5} (Okawaru gifted it to you on level 15 of the
                  | Dungeon)
 23078 | D:15     | Received a gift from Okawaru
 23418 | Elf:1    | Entered Level 1 of the Elven Halls
 23600 | Elf:1    | Noticed a deep elf sorcerer
 23615 | Elf:1    | HP: 4/139 [deep elf zephyrmancer/bolt of lightning (7)]
 23793 | Orc:2    | Cast into level 2 of the Abyss (a deep elf sorcerer)
 24066 | Abyss:2  | Noticed an Executioner
 24076 | Abyss:2  | Killed an Executioner
 24334 | Abyss:2  | Found a huge runed translucent gate.
 24334 | Abyss:2  | Found a huge runed translucent gate.
 24334 | Abyss:2  | Found a huge runed translucent gate.
 24334 | Abyss:2  | Found a huge runed translucent gate.
 24418 | Abyss:2  | Found a huge runed translucent gate.
 24587 | Abyss:2  | Noticed a tentacled starspawn
 24634 | Orc:2    | Escaped the Abyss
 24816 | Shoals:1 | Entered Level 1 of the Shoals
 24974 | Shoals:1 | Reached skill level 15 in Fighting
 25326 | Shoals:1 | Noticed a kraken
 25396 | Shoals:1 | Killed a kraken
 25497 | Shoals:1 | Reached XP level 16. HP: 149/149 MP: 23/23
 26086 | Shoals:2 | Received a gift from Okawaru
 26086 | Shoals:2 | Found the +1 robe of Vines {NoPotionHeal Regen++++}
 26089 | Arena    | Entered the Arena
 26346 | Shoals:2 | Found Apar's Distillery.
 26357 | Shoals:2 | Bought a potion of mutation for 144 gold pieces
 26357 | Shoals:2 | Bought 2 potions of heal wounds for 180 gold pieces
 26357 | Shoals:2 | Bought a potion of mutation for 144 gold pieces
 26358 | Shoals:2 | Gained mutation: You have a pair of large horns on your
                  | head. [potion of mutation]
 26358 | Shoals:2 | Gained mutation: Your spells are a little harder to cast,
                  | but a little more powerful. [potion of mutation]
 26358 | Shoals:2 | Gained mutation: You are occasionally teleported next to
                  | monsters. [potion of mutation]
 26359 | Shoals:2 | Lost mutation: Your spells are a little harder to cast, but
                  | a little more powerful. [potion of mutation]
 26359 | Shoals:2 | Lost mutation: You are occasionally teleported next to
                  | monsters. [potion of mutation]
 26359 | Shoals:2 | Gained mutation: Your body sometimes deteriorates upon
                  | taking damage. [potion of mutation]
 26726 | Shoals:3 | Lost mutation: You have a pair of large horns on your head.
                  | [potion of mutation]
 26726 | Shoals:3 | Lost mutation: Your body sometimes deteriorates upon taking
                  | damage. [potion of mutation]
 26726 | Shoals:3 | Gained mutation: Your mind is acute. (Int +2) [potion of
                  | mutation]
 26726 | Shoals:3 | Gained mutation: You have large cloven feet. [potion of
                  | mutation]
 26726 | Shoals:3 | Gained mutation: You passively map a small area around you.
                  | [potion of mutation]
 27211 | Shoals:3 | Noticed Kirke
 27327 | Shoals:3 | Killed Kirke
 27436 | Shoals:3 | Reached skill level 10 in Evocations
 27579 | Shoals:4 | Entered Level 4 of the Shoals
 27798 | Shoals:4 | Identified the amulet "Fewnion" {Acrobat rPois rF+ rC+}
 27878 | Shoals:4 | Reached skill level 1 in Crossbows
 27889 | Shoals:4 | Identified the +1 scale mail "Noempass" {Contam rN+ Regen+
                  | Slay+3}
 28180 | Shoals:4 | Received a gift from Okawaru
 28669 | Shoals:4 | Reached XP level 17. HP: 125/159 MP: 23/25
 28679 | Shoals:4 | Found a runed translucent door.
 28679 | Shoals:4 | Noticed Bediveer's ghost (adept HOMo)
 28705 | Shoals:4 | Noticed a kraken
 28964 | Shoals:4 | Killed Bediveer's ghost
 28965 | Shoals:4 | Reached skill level 15 in Shields
 29085 | Shoals:4 | Got a barnacled rune of Zot
 29499 | Spider:1 | Entered Level 1 of the Spider Nest
 29656 | Spider:1 | Identified the +2 hat "Femaon Zel" {rC+ SInv} (Okawaru
                  | gifted it to you on level 1 of the Spider Nest)
 29656 | Spider:1 | Received a gift from Okawaru
 29846 | Spider:1 | HP: 7/160 [radroach (7)]
 30597 | Spider:1 | Acquired 590 gold pieces
 31162 | Spider:2 | Identified the +5 mace "Figon" {holy, Str+3}
 32123 | Spider:3 | Identified the +3 executioner's axe "Vugock" {vamp, rF+
                  | Will+} (Okawaru gifted it to you on level 3 of the Spider
                  | Nest)
 32123 | Spider:3 | Received a gift from Okawaru
 32444 | Spider:3 | Noticed Aizul
 32458 | Spider:3 | Killed Aizul
 32891 | Spider:3 | Reached skill level 15 in Armour
 32993 | Spider:3 | Reached skill level 10 in Dodging
 33257 | Spider:3 | Reached XP level 18. HP: 170/170 MP: 27/27
 33510 | Spider:4 | Entered Level 4 of the Spider Nest
 33624 | Spider:4 | Received a gift from Okawaru
 33961 | Spider:3 | Gained mutation: Your body sometimes deteriorates upon
                  | taking damage. [mutagenic glow]
 34615 | Spider:4 | Identified the +1 robe of Protective Custody {rElec Will-
                  | rCorr Dex+4} (Okawaru gifted it to you on level 4 of the
                  | Spider Nest)
 34615 | Spider:4 | Received a gift from Okawaru
 35308 | Spider:4 | Got a gossamer rune of Zot
 35927 | Elf:1    | Cast into level 2 of the Abyss (a deep elf demonologist)
 36056 | Abyss:2  | Gained mutation: [You are frail. (-10% HP)] [a shining eye]
 36269 | Abyss:2  | Noticed a bone dragon
 36289 | Abyss:2  | Killed a bone dragon
 36301 | Elf:1    | Escaped the Abyss
 36463 | Elf:1    | Found Paugh's Antique Weapon Boutique.
 36744 | Elf:1    | Lost mutation: Your body sometimes deteriorates upon taking
                  | damage. [potion of mutation]
 36744 | Elf:1    | Lost mutation: You passively map a small area around you.
                  | [potion of mutation]
 36745 | Elf:1    | Lost mutation: [You are frail. (-10% HP)] [potion of
                  | mutation]
 36745 | Elf:1    | Lost mutation: Your mind is acute. (Int +2) [potion of
                  | mutation]
 36745 | Elf:1    | Lost mutation: You have large cloven feet. [potion of
                  | mutation]
 36745 | Elf:1    | Gained mutation: You are agile. (Dex +2) [potion of
                  | mutation]
 36745 | Elf:1    | Gained mutation: Your spells are a little harder to cast,
                  | but a little more powerful. [potion of mutation]
 36745 | Elf:1    | Gained mutation: You have sharp toenails. [potion of
                  | mutation]
 36930 | Elf:1    | Paralysed by an air elemental for 1 turns
 36982 | Elf:1    | Reached skill level 15 in Invocations
 37060 | Elf:1    | Got Segirom's Tome of Creative Conjuration
 37320 | Elf:2    | Identified the +4 hand axe "Itial" {vorpal, rC+ rN+ Stlth+}
                  | (Okawaru gifted it to you on level 2 of the Elven Halls)
 37320 | Elf:2    | Received a gift from Okawaru
 37410 | Elf:2    | Found a shimmering blue altar of Sif Muna.
 37458 | Elf:2    | Reached XP level 19. HP: 178/181 MP: 29/29
 37801 | Elf:2    | Noticed Louise
 37813 | Elf:2    | Found a runed translucent gate.
 37813 | Elf:2    | Found a runed translucent gate.
 37813 | Elf:2    | Found a runed translucent gate.
 37825 | Elf:2    | Killed Louise
 38446 | Elf:2    | Paralysed by an air elemental for 1 turns
 38494 | Elf:2    | Lost intelligence.
 38503 | Elf:2    | Paralysed by an orc sorcerer for 5 turns
 39465 | Elf:3    | Entered Level 3 of the Elven Halls
 39492 | Elf:3    | Found a flickering gateway to a bazaar.
 39509 | Bazaar   | Entered a bazaar
 39530 | Bazaar   | Found Verchicw's Book Shoppe.
 39530 | Bazaar   | Found Omemn's General Store.
 39552 | Bazaar   | Found Hicheb's General Store.
 39552 | Bazaar   | Found Yvarolog's Assorted Antiques.
 39623 | Bazaar   | Bought a scroll of fog for 18 gold pieces
 39623 | Bazaar   | Bought a potion of might for 36 gold pieces
 39629 | Bazaar   | Bought a potion of heal wounds for 90 gold pieces
 39629 | Bazaar   | Bought a potion of haste for 180 gold pieces
 39629 | Bazaar   | Bought a potion of curing for 54 gold pieces
 39645 | Bazaar   | Bought a scroll of enchant weapon for 67 gold pieces
 39768 | Elf:3    | Cast into level 2 of the Abyss (a deep elf demonologist)
 39957 | Abyss:3  | Paralysed by you for 5 turns
 40018 | Abyss:3  | Gained mutation: You passively dampen the noise of your
                  | surroundings. [a neqoxec]
 40052 | Abyss:3  | Found a corrupted altar of Lugonu.
 40080 | Abyss:3  | Gained mutation: Potions are less effective at restoring
                  | your health. [a neqoxec]
 40121 | Abyss:3  | Noticed a bone dragon
 40126 | Elf:3    | Escaped the Abyss
 40355 | Elf:3    | Identified the +6 broad axe "Ceucied" {vorpal, Str+4}
                  | (Okawaru gifted it to you on level 3 of the Elven Halls)
 40355 | Elf:3    | Received a gift from Okawaru
 40645 | Elf:3    | Identified the +8 scythe of the Abyss {spect, *Corrode
                  | rPois Str+9}
 40753 | Elf:3    | Identified the quicksilver dragon scales of Gomoq {Will+
                  | Str+3 Dex+4}
 40810 | Elf:3    | Cast into level 2 of the Abyss (a deep elf sorcerer)
 40810 | Abyss:2  | Found a corrupted altar of Lugonu.
 41135 | Elf:3    | Escaped the Abyss
 41300 | Elf:3    | Received a gift from Okawaru
 41409 | Elf:3    | Identified the +5 battleaxe "Plog" {vorpal, Contam rCorr
                  | Str+3 Int+2}
 41521 | Elf:3    | Cast into level 2 of the Abyss (a deep elf sorcerer)
 41817 | Abyss:2  | Noticed a bone dragon
 41830 | Abyss:2  | Killed a bone dragon
 41841 | Elf:3    | Escaped the Abyss
 41938 | Elf:3    | Identified the +9 executioner's axe "Himifaf" {elec, rPois
                  | rC+ Dex-4 SInv}
 42080 | Elf:3    | Noticed Mara
 42091 | Elf:3    | Noticed Zdeegee's illusion
 42264 | Elf:3    | Killed Mara
 42265 | Elf:3    | Reached XP level 20. HP: 181/193 MP: 27/30
 42451 | Elf:3    | Identified the +4 flail of Utaym {vorpal, Drain rN+ Int+4}
 42988 | Depths:1 | Entered Level 1 of the Depths
 42988 | Depths:1 | Found a gateway to Hell.
 43175 | Depths:1 | Paralysed by a sphinx for 2 turns
 43327 | Depths:1 | Found a glowing silver altar of Zin.
 43328 | Depths:1 | Found a runed translucent door.
 43530 | Depths:1 | Found Jutiura's Distillery.
 43660 | Depths:1 | Identified the +1 chain mail "Ucen" {+Blink rElec rC-}
                  | (Okawaru gifted it to you on level 1 of the Depths)
 43660 | Depths:1 | Received a gift from Okawaru
 43926 | Depths:1 | Found a one-way gate leading to the halls of Pandemonium.
 44346 | Depths:2 | Identified the ring of Yshis {Ice Fly rElec Slay+2}
 44346 | Depths:2 | Noticed Josephina
 44365 | Depths:2 | Paralysed by a vampire knight for 2 turns
 44583 | Depths:1 | Bought a potion of haste for 160 gold pieces
 44583 | Depths:1 | Bought a potion of curing for 48 gold pieces
 44583 | Depths:1 | Bought a potion of heal wounds for 80 gold pieces
 44583 | Depths:1 | Bought a potion of heal wounds for 80 gold pieces
 44583 | Depths:1 | Bought a potion of might for 64 gold pieces
 44583 | Depths:1 | Bought a potion of heal wounds for 80 gold pieces
 44605 | Depths:2 | Killed Josephina
 44669 | Depths:2 | Identified the +3 scimitar of Fresh Defence {flame, Dex+2}
                  | (Okawaru gifted it to you on level 2 of the Depths)
 44669 | Depths:2 | Received a gift from Okawaru
 44918 | Depths:2 | Noticed a golden dragon
 44934 | Depths:2 | Killed a golden dragon
 45039 | Depths:2 | Found a white marble altar of Elyvilon.
 45056 | Depths:2 | Noticed a golden dragon
 45071 | Depths:2 | Killed a golden dragon
 45072 | Depths:2 | Reached XP level 21. HP: 159/204 MP: 27/32
 45303 | Depths:2 | Found Itwetzia's Jewellery Emporium.
 45320 | Depths:2 | Noticed Bai Suzhen
 45336 | Depths:2 | Killed Bai Suzhen
 45540 | Depths:3 | Found an ancient bone altar of Kikubaaqudgha.
 45962 | Depths:3 | Received a gift from Okawaru
 46006 | Depths:3 | Found a one-way gate to the infinite horrors of the Abyss.
 46134 | Depths:2 | Noticed a juggernaut
 46134 | Depths:2 | Noticed a juggernaut
 46244 | Depths:2 | Killed a juggernaut
 46253 | Depths:2 | Killed a juggernaut
 46510 | Depths:3 | You fall into a shaft and drop 1 floor!
 46510 | Depths:4 | Entered Level 4 of the Depths
 46543 | Depths:4 | Found a runed translucent door.
 46546 | Depths:4 | Noticed Kunuk's ghost (veteran MiFi)
 46610 | Depths:4 | Killed Kunuk's ghost
 46706 | Depths:4 | Found a gate to the Realm of Zot.
 46806 | Depths:4 | Identified the +0 cloak "Nuta" {rPois Str+6} (Okawaru
                  | gifted it to you on level 4 of the Depths)
 46806 | Depths:4 | Received a gift from Okawaru
 46833 | Depths:4 | Noticed Sojobo
 46854 | Depths:4 | Paralysed by an air elemental for 1 turns
 46861 | Depths:4 | Killed Sojobo
 47141 | Depths:4 | Found a one-way gateway to a ziggurat.
 47144 | Depths:4 | Paralysed by a floating eye for 4 turns
 47150 | Depths:4 | Paralysed by a floating eye for 3 turns
 47717 | Depths:3 | Found Ycun's General Store.
 48525 | Vaults:1 | Entered Level 1 of the Vaults
 49181 | Vaults:1 | Reached XP level 22. HP: 217/217 MP: 33/33
 49346 | Vaults:1 | Found Usibu's Jewellery Boutique.
 49430 | Vaults:1 | Bought the ring "Put-Me-On" {rC+ rCorr Str+5} for 534 gold
                  | pieces
 49489 | Vaults:1 | Received a gift from Okawaru
 50102 | Vaults:1 | Received a gift from Okawaru
 50878 | Vaults:2 | Noticed an ancient lich
 51273 | Vaults:2 | Found a staircase to the Crypt.
 51493 | Vaults:2 | Noticed Saint Roka
 51507 | Vaults:2 | Killed Saint Roka
 51719 | Vaults:2 | Identified the +7 tower shield of Fuzzy Contentment {rPois
                  | rC- rN+} (Okawaru gifted it to you on level 2 of the
                  | Vaults)
 51719 | Vaults:2 | Received a gift from Okawaru
 52211 | Vaults:3 | Paralysed by a sphinx for 2 turns
 52220 | Vaults:3 | Paralysed by a sphinx for 2 turns
 52312 | Vaults:3 | Found Ropedech's Assorted Antiques.
 52366 | Vaults:3 | Cast into level 2 of the Abyss (a deep elf sorcerer)
 52367 | Abyss:2  | Found a corrupted altar of Lugonu.
 52553 | Abyss:2  | Gained mutation: Your body sometimes deteriorates upon
                  | taking damage. [a neqoxec]
 52554 | Abyss:2  | Lost mutation: You are agile. (Dex +2) [a neqoxec]
 52663 | Abyss:2  | Gained mutation: Armour fits poorly on your strangely
                  | shaped body. [a cacodemon]
 52707 | Vaults:3 | Escaped the Abyss
 52786 | Vaults:3 | Lost mutation: You passively dampen the noise of your
                  | surroundings. [potion of mutation]
 52786 | Vaults:3 | Lost mutation: Your body sometimes deteriorates upon taking
                  | damage. [potion of mutation]
 52786 | Vaults:3 | Gained mutation: You have razor-sharp toenails. [potion of
                  | mutation]
 52786 | Vaults:3 | Gained mutation: You have claws for feet. [potion of
                  | mutation]
 52786 | Vaults:3 | Gained mutation: You passively dampen the noise of your
                  | surroundings. [potion of mutation]
 52787 | Vaults:3 | Lost mutation: Potions are less effective at restoring your
                  | health. [potion of mutation]
 52787 | Vaults:3 | Lost mutation: Your spells are a little harder to cast, but
                  | a little more powerful. [potion of mutation]
 52787 | Vaults:3 | Lost mutation: Armour fits poorly on your strangely shaped
                  | body. [potion of mutation]
 52787 | Vaults:3 | Gained mutation: You expend magic power (3 MP) to
                  | strengthen your wands. [potion of mutation]
 52787 | Vaults:3 | Gained mutation: Your muscles are strong. (Str +2) [potion
                  | of mutation]
 53690 | Crypt:1  | Entered Level 1 of the Crypt
 53893 | Crypt:1  | Reached XP level 23. HP: 229/229 MP: 34/34
 54278 | Crypt:1  | Noticed Mennas
 54345 | Crypt:1  | Killed Mennas
 55033 | Crypt:2  | Received a gift from Okawaru
 55707 | Crypt:2  | Received a gift from Okawaru
 55832 | Crypt:3  | Entered Level 3 of the Crypt
 56250 | Crypt:3  | Found a staircase to the Tomb.
 56392 | Crypt:3  | Found a basalt altar of Yredelemnul.
 56764 | Crypt:3  | Got the Handbook of Dark Fire
 57004 | Crypt:3  | Got the Papyrus of Necromancy
 57879 | Crypt:3  | Upgraded the game from 0.29-a0-495-g17b79114eb to
                  | 0.29-a0-506-ga2e7fffb44
 59011 | Vaults:4 | Identified the +1 pair of gloves of Midnight {rF- Dex+5}
                  | (Okawaru gifted it to you on level 4 of the Vaults)
 59011 | Vaults:4 | Received a gift from Okawaru
 59049 | Vaults:4 | Reached XP level 24. HP: 241/242 MP: 34/34
 59764 | Vaults:5 | Entered Level 5 of the Vaults
 59798 | Vaults:5 | Reached skill level 5 in Stealth
 59889 | Vaults:5 | Received a gift from Okawaru
 59904 | Vaults:5 | Paralysed by a sphinx for 2 turns
 60188 | Vaults:5 | Noticed a dread lich
 60195 | Vaults:5 | Killed a dread lich
 60358 | Vaults:5 | Paralysed by a sphinx for 4 turns
 60366 | Vaults:5 | Paralysed by a sphinx for 5 turns
 60707 | Vaults:5 | Identified the ring "Urudaulo" {rN++ Will+ EV+4 Str+3
                  | Slay+2 Stlth-}
 61311 | Vaults:5 | Noticed an ancient lich
 61330 | Vaults:5 | Killed an ancient lich
 61398 | Vaults:5 | Identified the amulet "Teiseom" {Faith +Inv Int+6}
 61540 | Vaults:5 | Got a silver rune of Zot
 62099 | Slime:1  | Entered Level 1 of the Pits of Slime
 62107 | Slime:1  | Gained mutation: You tend to lose your temper in combat. [a
                  | shining eye]
 62219 | Slime:3  | You fall into a shaft and drop 1 floor!
 62264 | Slime:5  | Entered Level 5 of the Pits of Slime
 62516 | Slime:5  | Lost mutation: You expend magic power (3 MP) to strengthen
                  | your wands. [a shining eye]
 62532 | Slime:5  | Paralysed by a great orb of eyes for 5 turns
 62545 | Slime:5  | Reached XP level 25. HP: 227/255 MP: 34/34
 62559 | Slime:4  | Gained mutation: Your spells are a little harder to cast,
                  | but a little more powerful. [a shining eye]
 63325 | Slime:1  | Received a gift from Okawaru
 63352 | Slime:1  | Gained mutation: [You are frail. (-10% HP)] [a shining eye]
 63943 | D:4      | Bought the +1 cloak of Privacy {rF++ rC- Will++} for 3540
                  | gold pieces
 64480 | Slime:5  | Gained mutation: [You are very frail. (-20% HP)] [a shining
                  | eye]
 64681 | Slime:5  | Found a viscous altar of Jiyva.
 64682 | Slime:5  | Noticed the Royal Jelly
 64685 | Slime:5  | Found the +10 Black Knight's barding {ponderous, rPois rN+}
 64695 | Slime:5  | Killed the Royal Jelly
 64696 | Slime:5  | Reached skill level 27 in Fighting
 64706 | Slime:5  | Reached skill level 5 in Crossbows
 64793 | Slime:5  | Identified the amulet "Ehapulo" {Drain rN+++ Regen+ Int+5
                  | Dex-5}
 64798 | Slime:5  | Got a slimy rune of Zot
 64874 | Slime:5  | Identified the +9 falchion "Ucetus" {vamp, Int+4}
 64883 | Slime:5  | Identified the +5 flail "Xazo Powk" {vorpal, Drain Fly
                  | rC+++ Str+3}
 65611 | Hell     | Entered the Vestibule of Hell
 65611 | Hell     | Noticed Geryon
 65635 | Hell     | Killed Geryon
 65810 | Hell     | Found a gateway to the decaying netherworld of Tartarus.
 65957 | Hell     | Found a gateway to the freezing wastes of Cocytus.
 66117 | Hell     | Received a gift from Okawaru
 66222 | Hell     | Found a gateway to the Iron City of Dis.
 66282 | Hell     | Reached skill level 27 in Shields
 66297 | Hell     | Found a gateway to the ashen valley of Gehenna.
 66409 | Hell     | Lost mutation: Your spells are a little harder to cast, but
                  | a little more powerful. [potion of mutation]
 66409 | Hell     | Lost mutation: You passively dampen the noise of your
                  | surroundings. [potion of mutation]
 66409 | Hell     | Lost mutation: Your muscles are strong. (Str +2) [potion of
                  | mutation]
 66409 | Hell     | Gained mutation: You sometimes lose the ability to read
                  | scrolls when taking damage. [potion of mutation]
 66409 | Hell     | Gained mutation: You are partially covered in large bone
                  | plates. (SH +4) [potion of mutation]
 66410 | Hell     | Lost mutation: You sometimes lose the ability to read
                  | scrolls when taking damage. [potion of mutation]
 66410 | Hell     | Lost mutation: [You are very frail. (-20% HP)] [potion of
                  | mutation]
 66410 | Hell     | Gained mutation: Armour fits poorly on your strangely
                  | shaped body. [potion of mutation]
 66411 | Hell     | Lost mutation: Armour fits poorly on your strangely shaped
                  | body. [potion of mutation]
 66411 | Hell     | Lost mutation: You have claws for feet. [potion of
                  | mutation]
 66411 | Hell     | Lost mutation: You tend to lose your temper in combat.
                  | [potion of mutation]
 66411 | Hell     | Gained mutation: You are clumsy. (Dex -2) [potion of
                  | mutation]
 66411 | Hell     | Gained mutation: You are somewhat resistant to further
                  | mutation. [potion of mutation]
 67008 | Coc:1    | Entered Level 1 of Cocytus
 67045 | Coc:1    | Paralysed by a wendigo for 1 turns
 67766 | Coc:3    | Noticed a shard shrike
 67767 | Coc:3    | Noticed a shard shrike
 67772 | Coc:3    | Noticed a shard shrike
 67777 | Coc:3    | Killed a shard shrike
 67778 | Coc:3    | Killed a shard shrike
 67779 | Coc:3    | Killed a shard shrike
 67788 | Coc:3    | Noticed a shard shrike
 67795 | Coc:3    | Killed a shard shrike
 68201 | Coc:4    | Reached XP level 26. HP: 239/239 MP: 34/34
 68214 | Coc:4    | Paralysed by a wendigo for 1 turns
 68225 | Coc:4    | Paralysed by a wendigo for 1 turns
 68228 | Coc:4    | Paralysed by a wendigo for 1 turns
 68239 | Coc:4    | Paralysed by a wendigo for 1 turns
 68245 | Coc:4    | Paralysed by a wendigo for 1 turns
 68377 | Coc:4    | Noticed a dread lich
 68389 | Coc:4    | Killed a dread lich
 68390 | Coc:4    | Reached skill level 10 in Crossbows
 68846 | Coc:5    | Received a gift from Okawaru
 68866 | Coc:5    | Paralysed by a wendigo for 1 turns
 68873 | Hell     | Paralysed by a wendigo for 1 turns
 69416 | Coc:5    | Paralysed by a wendigo for 1 turns
 70184 | D:10     | Fell from the grace of Okawaru
 70184 | D:10     | Became a worshipper of the Shining One
 70342 | Dis:1    | Entered Level 1 of the Iron City of Dis
 70780 | Dis:1    | Reached * piety under the Shining One
 71004 | Tar:1    | Entered Level 1 of Tartarus
 71039 | Tar:1    | Lost intelligence.
 71744 | Zot:1    | Entered Level 1 of the Realm of Zot
 72293 | Zot:1    | Reached ** piety under the Shining One
 72654 | Zot:1    | Noticed an orb of fire
 72658 | Zot:1    | Gained mutation: You sometimes lose the ability to read
                  | scrolls when taking damage. [an orb of fire]
 72675 | Zot:1    | Killed an orb of fire
 74011 | Zot:2    | Found a shimmering altar of Xom.
 74014 | Zot:2    | Found a shimmering altar of Xom.
 74014 | Zot:2    | Found a shimmering altar of Xom.
 74014 | Zot:2    | Found a glowing silver altar of Zin.
 74044 | Zot:2    | Found a shimmering altar of Xom.
 74453 | Tar:1    | Reached *** piety under the Shining One
 74605 | Tar:2    | HP: 3/185 [bone dragon[a doom hound] (11)]
 74626 | Hell     | Reached **** piety under the Shining One
 74975 | Hell     | Lost mutation: [You are frail. (-10% HP)] [potion of
                  | mutation]
 74975 | Hell     | Lost mutation: You have razor-sharp toenails. [potion of
                  | mutation]
 74975 | Hell     | Gained mutation: You are occasionally teleported next to
                  | monsters. [potion of mutation]
 74976 | Hell     | Lost mutation: You are clumsy. (Dex -2) [potion of
                  | mutation]
 74976 | Hell     | Lost mutation: You are somewhat resistant to further
                  | mutation. [potion of mutation]
 74976 | Hell     | Gained mutation: You are strong-willed. (Will+) [potion of
                  | mutation]
 74977 | Hell     | Lost mutation: You have sharp toenails. [potion of
                  | mutation]
 74977 | Hell     | Lost mutation: You are strong-willed. (Will+) [potion of
                  | mutation]
 74977 | Hell     | Gained mutation: Your flesh is heat resistant. (rF+)
                  | [potion of mutation]
 75253 | D:1      | Bought a potion of mutation for 104 gold pieces
 75253 | D:1      | Lost mutation: You are occasionally teleported next to
                  | monsters. [potion of mutation]
 75253 | D:1      | Lost mutation: You are partially covered in large bone
                  | plates. (SH +4) [potion of mutation]
 75253 | D:1      | Lost mutation: Your flesh is heat resistant. (rF+) [potion
                  | of mutation]
 75253 | D:1      | Gained mutation: You expend magic power (3 MP) to
                  | strengthen your wands. [potion of mutation]
 75253 | D:1      | Gained mutation: Your flesh is cold resistant. (rC+)
                  | [potion of mutation]
 75253 | D:1      | Gained mutation: You have hidden genetic defects. [potion
                  | of mutation]
 75584 | Depths:3 | Bought a potion of mutation for 152 gold pieces
 75584 | Depths:3 | Lost mutation: Your flesh is cold resistant. (rC+) [potion
                  | of mutation]
 75584 | Depths:3 | Lost mutation: You sometimes lose the ability to read
                  | scrolls when taking damage. [potion of mutation]
 75584 | Depths:3 | Gained mutation: Your spells are a little harder to cast,
                  | but a little more powerful. [potion of mutation]
 75584 | Depths:3 | Gained mutation: You have sharp fingernails. [potion of
                  | mutation]
 75584 | Depths:3 | Gained mutation: You possess an exceptional clarity of
                  | mind. [potion of mutation]
 75697 | Depths:3 | Voluntarily entered the Abyss.
 75889 | Abyss:4  | Gained mutation: You sometimes lose the ability to read
                  | scrolls when taking damage. [a neqoxec]
 76222 | Abyss:5  | Entered Level 5 of the Abyss
 76341 | Abyss:5  | Found a corrupted altar of Lugonu.
 76464 | Abyss:5  | Paralysed by accursed screaming for 1 turns
 76591 | Abyss:5  | Gained mutation: You occasionally shout uncontrollably at
                  | your foes. [a neqoxec]
 76785 | Abyss:5  | Noticed an ancient lich
 76791 | Abyss:5  | Killed an ancient lich
 76893 | Abyss:5  | Killed from afar by a Hell Sentinel

Illustrated notes

Levels and vault maps discovered:
D:1:      eino_arrival_tree_alley, layout_loops_ring,
          nicolae_ecumenical_snake_handling, serial_shops, shop
D:2:      layout_basic
D:3:      layout_basic, gup_sewer_entry_spiral
D:4:      layout_gridville, nicolae_gozag_zags_fifth_avenue, uniq_eustachio
D:5:      layout_layer_cave, mainiacjoe_overflow_concentric_impassable,
          old_standard_altar, minmay_temple_entry_butterflies, bh_walls_and_bars
D:6:      layout_basic
D:7:      lemuel_bear_cage, layout_cave_pods, grunt_decor_mini_mirrors
D:8:      layout_basic, uniq_grum
D:9:      minmay_the_grid_square_5x5_4x4 [minmay_the_grid_square_5x5_checkered,
          minmay_the_grid_square_5x5_bracketed,
          minmay_the_grid_square_5x5_one_wall, minmay_the_grid_square_5x5_mess,
          minmay_the_grid_square_5x5_c,
          minmay_the_grid_square_5x5_prize_snowflake,
          minmay_the_grid_square_5x5_prize_pseudospiral,
          minmay_the_grid_square_5x5_three_walls,
          minmay_the_grid_square_5x5_inverted_slash,
          minmay_the_grid_square_5x5_prize_deathbox,
          minmay_the_grid_square_5x5_prize_itemx,
          minmay_the_grid_square_5x5_inset,
          minmay_the_grid_square_5x5_sharp_hourglass,
          minmay_the_grid_square_5x5_hourglass,
          minmay_the_grid_square_5x5_trominoes,
          minmay_the_grid_square_5x5_inner_v], layout_basic, st_stairs_11,
          eino_tiny_chamber, minmay_fractal_squares_diagonal_5
D:10:     layout_roguey, tso_oasis_becter, special_room [special_room_orc]
D:11:     layout_irregular_city, minmay_orc_entry_guard_dogs
D:12:     layout_loops_cross, gauntlet_entry_generic
D:13:     nicolae_cairo_tiling_large, layout_irregular_city,
          minmay_statue_bubble, uniq_sonja
D:14:     layout_basic, nicolae_wwwww, jiyva_altar_1
D:15:     grunt_enter_depths_magical_seal, layout_cave_pools,
          fedhas_altar_fruit_tree, nicolae_ru_great_annihilating_truth
Temple:   mainiacjoe_temple_coin_purse
Lair:1:   layout_layer_cave, basic_altar, uniq_amaemon
Lair:2:   layout_loops_ring, shoals_dummy_entry, spider_nest_entry_a,
          enter_volcano_2, grunt_megastairs_5, uniq_maggie
Lair:3:   layout_misc_corridors, serial_bayou_shore_b, serial_bayou_shore_a,
          grunt_megastairs_4, lemuel_fruit_tree, lemuel_fruit_fields
Lair:4:   layout_small_grid, serial_bayou_lagoon_b, uniq_nergalle, uniq_urug
Lair:5:   layout_hall_layers, minmay_slime_entry_pillars, special_room
          [special_room_bee], grunt_megastairs_3
Lair:6:   minmay_lair_end_enchanted_forest, layout_regular_city
Shoals:1: layout_shoals
Shoals:2: layout_shoals, serial_shops, shop
Shoals:3: layout_shoals, uniq_kirke
Shoals:4: shoals_end_grunt_ice, layout_shoals, ebering_ghost_inner_flame
Spider:1: layout_chambers
Spider:2: layout_spider_delve, drop_trap, nicolae_spider_bug_shape
Spider:3: layout_spider_delve, beargit_elvish_explorers, uniq_aizul
Spider:4: grunt_spider_rune_circles
Slime:1:  layout_caves
Slime:2:  layout_caves
Slime:3:  layout_caves
Slime:4:  cheibrodos_slime_lost_civilization_2, layout_caves
Slime:5
Orc:1:    layout_diamond_mine, uniq_erolcha
Orc:2:    st_orc_ogre_mass, layout_caves, uniq_nessos
Elf:1:    layout_geoelf_octagon, serial_shops, shop, minmay_elf_sorcery,
          statue_in_the_mist_lemuel, minmay_misc_feat_cross
Elf:2:    nicolae_elf_blades_splatter_lattice [nicolae_blade_bullseye],
          layout_geoelf_octagon, guppyfry_elf_altar, uniq_louise
Elf:3:    nooodl_elf_gasket, layout_onion_city, serial_shops, bzr_in_the_mist,
          uniq_mara
Vaults:1: grunt_vaults_hallway_short, v_alt_pattern_2, hangedman_vaults_slice,
          vaults_room_grunt_arrival_ludios, ontoclasm_vaults_spin, st_diamondy,
          ontoclasm_vaults_ring_large, grunt_vaults_twisty, v_misc_33,
          v_misc_13, nicolae_vaults_rhombus_5, vaults_room_fancy_cross,
          layout_vaults_big_cross, serial_shops, shop
Vaults:2: vaults_room_guarded_vault, nicolae_vaults_specimen_jars, v_misc_29,
          nicolae_vaults_little_squares_2, minmay_crypt_entry_vampire_xt,
          grunt_vaults_focal, v_misc_22, grunt_vaults_swirl, vaults_room_grid,
          ontoclasm_vaults_eye, grunt_vaults_hallway_short, layout_vaults_ring,
          uniq_saint_roka
Vaults:3: kb_rosetta, vaults_room_pool, nicolae_vaults_theta,
          nicolae_vaults_circle_grid_b, v_misc_23, v_alt_pattern_3, v_misc_17,
          nicolae_vaults_little_squares_4, v_alt_pattern_2,
          vaults_room_mumra_shop_pool, nicolae_vaults_theta, vaults_dpeg_hooks,
          hangedman_vaults_nodes, vaults_mumra_hexcomb, nicolae_vaults_asterisk,
          layout_vaults_big_room
Vaults:4: nicolae_vaults_yaktaur_gun_rack, hangedman_vaults_variations,
          nicolae_vaults_puzzle_piece, v_pattern_1, vaults_room_grid, v_misc_28,
          ontoclasm_vaults_loading_screen, ontoclasm_vaults_chip,
          nicolae_vaults_shelves_hall, vaults_dpeg_encased_lava,
          layout_vaults_quadrants
Vaults:5: serial_shops
Crypt:1:  layout_regular_city, uniq_mennas
Crypt:2:  layout_gridlike, grunt_ministairs_9, st_stairs_10, grunt_megastairs_2
Crypt:3:  evilmike_haunted_forest
Depths:1: layout_basic, rand_demon_pan_entry_9, hell_entry, serial_shops,
          nicolae_take_the_stairs, hangedman_decor_peaks_small,
          serial_bayou_pond_c, st_stairs_13, grunt_ministairs_13,
          minmay_misc_feat_tiny, lemuel_angel_altar
Depths:2: minmay_diamond_stairs, layout_cave_shapes, grunt_pan_entry_in_and_out,
          hell_entry, serial_shops, nicolae_lakefront_shop, elyvilon_altar_4,
          firewood_loft, uniq_josephina, uniq_bai_suzhen
Depths:3: dreamdust_under_siege, layout_honeycomb, abyss_entry,
          nicolae_cairo_tiling, grunt_metal_band, serial_shops,
          nicolae_shop_stone
Depths:4: grunt_twist_and_shout, layout_basic, enter_ziggurat_c, hell_entry,
          pan_entry, ebering_ghost_reflecting_pool, corexii_leaking_fountain,
          uniq_sojobo, uniq_parghit
Hell
Dis:1:    layout_subdivisions, nicolae_dis_having_a_grate_time
Coc:1:    layout_ice_bergs, nicolae_coc_icebean_singular
          [nicolae_sub_coc_subbean]
Coc:2:    layout_cocytus_water_paths
Coc:3:    layout_cocytus_water_paths
Coc:4:    layout_ice_bergs
Coc:5:    layout_ice_bergs
Coc:6:    layout_ice_bergs
Tar:1:    layout_cathedral_of_symmetry
Tar:2:    layout_grid_maze
Zot:1:    layout_twisted_circle, skrybe_zot_glass_2
Zot:2:    dreamdust_zin_vs_xom, layout_cathedral_of_symmetry
Abyss:5:  base: Zot:4, base: Slime:1, base: Slime:4, base: Depths:4, base:
          Tomb:1, evilmike_abyss_exit_kraken, minivault_19, minivault_26,
          nicolae_abyss_rune_left_handed, minivault_26,
          evilmike_abyss_exit_vortex, due_evilmike_abyss_rune_seething_liches,
          evilmike_abyss_exit_6, minivault_22, evilmike_abyss_rune_ettins,
          minivault_22, hangedman_abyss_shoalhut, evilmike_abyss_rune_ettins,
          evilmike_abyss_rune_ettins, hangedman_abyss_mock_shop,
          bh_abyss_xom_lugonu_altar, hangedman_abyss_lost_library,
          evilmike_abyss_exit_9, minivault_1, hangedman_abyss_theft,
          doesnt_abyss_rune_brain_food

Skill      XL: |  1  2  3  4  5  6  7  8  9 10 11 12 13 14 15 16 17 18 19 20 21 22 23 24 25 26 |
---------------+-------------------------------------------------------------------------------+-----
Armour         | 4 5 6 7 8 9 10 11 12 13 14 15 16 17 18 19 20 21 23 | 23.2
Fighting       | 4 5 6 8 9 10 11 12 14 15 16 17 18 20 21 22 24 25 26 27 | 27.0
Shields        | 4 5 6 7 8 9 10 11 13 14 15 16 17 19 20 22 24 25 27 | 27.0
Axes           | 3 4 5 7 9 10 11 13 14 15 16 17 18 19 20 21 22 23 24 | 24.9
Invocations    | 1 2 3 4 5 6 7 8 9 11 12 14 15 16 | 16.5
Evocations     | 1 2 3 4 5 6 7 8 9 10 11 12 13 14 | 14.2
Dodging        | 1 2 3 4 5 6 7 8 9 10 11 12 | 12.8
Stealth        | 1 2 3 4 5 |  5.7
Maces & Flails | 1 2 |  2.1
Crossbows      | 2 3 4 9 12 | 12.4
Unarmed Combat | |  0.2

Action                   |  1- 3 |  4- 6 |  7- 9 | 10-12 | 13-15 | 16-18 | 19-21 | 22-24 | 25-27 || total
-------------------------+-------+-------+-------+-------+-------+-------+-------+-------+-------++-------
Melee: War axe           |    63 |    99 |   259 |   487 |   145 |       |       |       |       ||  1053
       Headbutt          |    12 |    16 |    48 |   117 |   300 |   389 |   417 |   400 |   425 ||  2124
       Whip              |       |       |       |    16 |       |       |       |       |       ||    16
       Broad axe         |       |       |       |       |  1198 |  1567 |  1501 |  1447 |  1290 ||  7003
       Eveningstar       |       |       |       |       |    24 |       |       |       |       ||    24
       Unarmed           |       |       |       |       |       |    22 |       |       |       ||    22
       Kick              |       |       |       |       |       |       |       |   462 |   188 ||   650
 Fire: Hand crossbow     |       |       |       |       |       |    93 |    34 |       |   270 ||   397
Invok: Finesse           |       |       |       |     2 |     8 |     9 |    14 |     7 |     4 ||    44
       Heroism           |       |       |       |       |       |     4 |     4 |     3 |     2 ||    13
       Duel              |       |       |       |       |       |     1 |       |       |       ||     1
       Divine Shield     |       |       |       |       |       |       |       |       |     1 ||     1
Evoke: Wand              |       |       |       |       |     2 |     6 |       |       |     2 ||    10
       Condenser vane    |       |       |       |       |       |       |     1 |       |     1 ||     2
  Use: Scroll            |       |       |    10 |     9 |    21 |     7 |    21 |     2 |       ||    70
       Potion            |       |       |     1 |     2 |     8 |     8 |     4 |     7 |    31 ||    61
 Stab: Sleeping          |       |     2 |     1 |     2 |    16 |     5 |     6 |       |       ||    32
       Distracted        |       |       |       |       |     2 |     2 |     3 |       |       ||     7
       Paralysed         |       |       |       |       |     4 |       |       |       |       ||     4
       Invisible         |       |       |       |       |       |       |       |     9 |     3 ||    12
Armor: Scale mail        |    27 |       |       |       |       |       |       |       |       ||    27
       Troll leather arm |    12 |    56 |   146 |   194 |   474 |   515 |   331 |       |       ||  1728
       Gold dragon scale |       |       |       |       |       |       |     9 |   405 |   429 ||   843
Dodge: Dodged            |    28 |    70 |   207 |   326 |   729 |  1178 |   696 |   229 |   346 ||  3809
       Repelled          |       |       |       |       |       |    10 |    24 |       |       ||    34
Block: Buckler           |    18 |    40 |   123 |   202 |   446 |   595 |    43 |       |       ||  1467
       Tower shield      |       |       |       |       |       |       |  1198 |  1234 |  1449 ||  3881
       Reflection        |       |       |       |       |       |       |       |    64 |    59 ||   123

Table legend: (Time is in decaauts)
 A = Elapsed time spent in this place.
 B = Non-inter-level travel time spent in this place.
 C = Inter-level travel time spent in this place.
 D = Time resting spent in this place.
 E = Time spent auto-exploring this place.
 F = Levels seen in this place.
 G = Mean time per level.
                   A        B        C        D        E       F      G
               +--------+--------+--------+--------+--------+-----+--------+
         Total |  77560 |  70500 |   7060 |  10820 |  42125 |  80 |  969.5 |
       Dungeon |  16496 |  13373 |   3123 |    602 |  10190 |  15 | 1099.7 |
        Temple |     32 |     19 |     13 |      0 |      9 |   1 |   32.0 |
          Lair |   6716 |   5827 |    889 |    325 |   4357 |   6 | 1119.3 |
        Shoals |   4741 |   4577 |    164 |    485 |   2746 |   4 | 1185.2 |
   Spider Nest |   5870 |   5673 |    197 |   1512 |   2718 |   4 | 1467.5 |
    Slime Pits |   2786 |   2501 |    285 |   1236 |    162 |   5 |  557.2 |
  Orcish Mines |   2626 |   2307 |    319 |    876 |    883 |   2 | 1313.0 |
   Elven Halls |   5974 |   5766 |    208 |   1433 |   2616 |   3 | 1991.3 |
        Vaults |   8406 |   7912 |    494 |    656 |   5755 |   5 | 1681.2 |
         Crypt |   4172 |   3964 |    208 |    534 |   2525 |   3 | 1390.7 |
        Depths |   5909 |   5175 |    734 |    406 |   3285 |   4 | 1477.2 |
          Hell |   2890 |   2734 |    156 |   1949 |    373 |   1 | 2890.0 |
           Dis |    300 |    300 |      0 |      2 |    192 |   1 |  300.0 |
       Cocytus |   2424 |   2247 |    177 |     32 |   1543 |   6 |  404.0 |
      Tartarus |    613 |    612 |      1 |    321 |    163 |   2 |  306.5 |
           Zot |   3114 |   3028 |     86 |    196 |   2378 |   2 | 1557.0 |
         Abyss |   3606 |   3606 |      0 |    223 |   1758 |  12 |  300.5 |
        Bazaar |    186 |    186 |      0 |      0 |     80 |   1 |  186.0 |
         Sewer |    190 |    190 |      0 |      0 |    115 |   1 |  190.0 |
       Volcano |    472 |    472 |      0 |      7 |    272 |   1 |  472.0 |
         Arena |     26 |     26 |      0 |     22 |      0 |   1 |   26.0 |
               +--------+--------+--------+--------+--------+-----+--------+

Top non-repeatable levels by time:
    Hell: 2890 daAuts
   Elf:2: 2604 daAuts
 Abyss:2: 2290 daAuts
     D:9: 2237 daAuts
 Crypt:3: 2077 daAuts
Spider:3: 2077 daAuts
Vaults:5: 1973 daAuts
   Elf:3: 1961 daAuts
   Zot:1: 1945 daAuts
Depths:1: 1904 daAuts
Vaults:2: 1802 daAuts
Spider:1: 1771 daAuts
Vaults:1: 1768 daAuts
Shoals:4: 1666 daAuts
Depths:3: 1545 daAuts
